 Dungeon Crawl Stone Soup version 0.28.0-49-g6dfe1f597d (webtiles) character file.

Game seed: 8882721321115803756

1463 pkoi the Martial Artist (level 8, -2/62 HPs)
             Began as a Demigod Gladiator on May 16, 2022.
             Killed by divine providence
             ... invoked by an orc priest
              (16 damage)
             ... on level 6 of the Dungeon.
             The game lasted 00:06:14 (8176 turns).

pkoi the Martial Artist (Demigod Gladiator)         Turns: 8176, Time: 00:06:15

Health: -2/62      AC: 10    Str: 19    XL:     8   Next: 24%
Magic:  10/10      EV:  8    Int: 10    God:
Gold:   198        SH:  5    Dex: 19    Spells: 7/7 levels left

rFire   . . .      SeeInvis .     - Unarmed
rCold   . . .      Faith    .   (no shield)
rNeg    . . .      Spirit   .   t - +0 chain mail
rPois   .          Reflect  +   b - +1 helmet
rElec   .          Harm     .   (no cloak)
rCorr   .          Rampage  .   (no gloves)
Will    .....                   (no boots)
Stlth   ..........              k - amulet of reflection
HPRegen 0.20/turn               (no ring)
MPRegen 0.12/turn               (no ring)

@: invisible
A: high MP 1, forlorn, divine attributes
a: no special abilities


You were on level 6 of the Dungeon.
You visited 1 branch of the dungeon, and saw 6 of its levels.

You collected 345 gold pieces.
You spent 147 gold pieces at shops.

Inventory:

Hand Weapons
 g - a +1 dagger
 h - a +0 dagger
 o - a +2 short sword of venom
Missiles
 c - 3 throwing nets (quivered)
 e - 6 poisoned darts
Armour
 a - a +0 leather armour
 b - a +1 helmet (worn)
 s - a +0 ring mail
 t - a +0 chain mail (worn)
Jewellery
 f - a ring of flight
 j - a ring of ice
 k - an amulet of reflection (around neck)
 m - a +6 ring of intelligence
Scrolls
 i - a scroll of fear
 l - 2 scrolls of blinking
 n - 3 scrolls of teleportation
 p - 3 scrolls of identify
 u - a scroll of enchant armour
 x - a scroll of magic mapping
Potions
 d - a potion of curing
 v - a potion of might
 w - 2 potions of mutation {unknown}


   Skills:
 + Level 2.4 Fighting
 - Level 1.7 Throwing
 + Level 1.4 Armour
 + Level 3.2 Dodging
 * Level 13.3 Unarmed Combat


You had 7 spell levels left.
You didn't know any spells.
Your spell library contained the following spells:

 Spells                   Type           Power      Damage    Failure   Level
 Ozocubu's Armour         Ice            0%         N/A       100%        3
 Ozocubu's Refrigeration  Ice            0%         4d5       100%        7


Dungeon Overview and Level Annotations

Branches:
Dungeon (6/15)             Temple (0/1) D:6

Shops:
D:1 (   D:5 *


Innate Abilities, Weirdness & Mutations

You have an increased reservoir of magic. (+10% MP)
You shall have no god before yourself.
Your divine heritage dramatically boosts your attributes as you level up.


Message History

You are too injured to fight recklessly!
You are too injured to fight recklessly!
You are too injured to fight recklessly!
You are too injured to fight recklessly!
You are too injured to fight recklessly!
You are too injured to fight recklessly!
You are too injured to fight recklessly!
You are too injured to fight recklessly!
You are too injured to fight recklessly!
You are too injured to fight recklessly!
You are too injured to fight recklessly!
You are too injured to fight recklessly!
You hit the orc priest.
The orc priest is heavily wounded.
The orc priest hits you but does no damage.
You barely miss the orc priest.
The orc priest is heavily wounded.
The orc priest calls down the wrath of Beogh upon you.
Beogh smites you!
* * * LOW HITPOINT WARNING * * *
You closely miss the orc priest.
The orc priest is heavily wounded.
The orc priest invokes the aid of Beogh against you.
Beogh smites you!
* * * LOW HITPOINT WARNING * * *
You punch the orc priest!
You kill the orc priest!
The orc priest invokes the aid of Beogh against you.
Beogh smites you!
* * * LOW HITPOINT WARNING * * *
You see here a +0 club.
You barely miss the orc priest.
An orc comes into view. It is wielding a +0 war axe.
The orc priest hits you but does no damage.
Unknown command.
You feel better. The orc priest barely misses you.
You fade into invisibility!
The orc priest invokes the aid of Beogh against you.
Beogh smites you!
You die...

..# #........#,***+*** **, ..#
#........#,* *,* *, ..#
#........#,* *,* **
..##########...÷....#,* *,*
........§§##........#,* *,*
'########§###.......#,***,*******
.##......§§§........#,,,,,,,,,,,,
.##.#####.###.####..#####.*,,,,,,
.#*,* #......, ##*,*
#.#.#....†...≈.#####,≈,,,,, #.#
#.#.#.#####....#...,,≈,,**, #.#
#.#.#.# #..≈.#._.*,≈,,**, #.#
#.#.#.# #..≈.....*,≈,,***
#.###.#.#.# #..≈.####*,≈,,*


You could see an orc priest and an orc.

Vanquished Creatures
  2 vampire mosquitoes (D:5)
  A black bear (D:6)
  An ogre (D:5)
  A bullfrog (D:6)
  A gnoll sergeant (D:6)
  3 killer bees (D:6)
  A water moccasin skeleton (D:4)
  A centaur zombie (D:6)
  A jelly (D:4)
  An orc priest (D:6)
  2 hounds
  An iguana (D:6)
  3 orc wizards
  4 gnolls (D:6)
  7 adders
  A worm (D:3)
  A dart slug (D:3)
  9 orcs
  3 bats
  5 endoplasms
  5 giant cockroaches
  9 goblins
  7 hobgoblins
  2 quokkas
  6 ball pythons
  3 frilled lizards (D:1)
  3 kobolds (D:1)
  4 rats
88 creatures vanquished.

Vanquished Creatures (others)
  8 fungi (D:4)
  4 plants
12 creatures vanquished.

Grand Total: 100 creatures vanquished

Notes
Turn   | Place    | Note
-------+----------+-------------------------------------------
     0 | D:1      | pkoi the Demigod Gladiator began the quest for the Orb.
     0 | D:1      | Reached XP level 1. HP: 17/17 MP: 3/3
   122 | D:1      | Reached skill level 3 in Unarmed Combat
   638 | D:1      | Reached XP level 2. HP: 24/24 MP: 4/4
  1632 | D:1      | Found Taic's Weapon Boutique.
  1698 | D:1      | Reached XP level 3. HP: 28/29 MP: 5/5
  1841 | D:2      | Reached skill level 4 in Unarmed Combat
  3822 | D:3      | Reached XP level 4. HP: 35/36 MP: 6/6
  4250 | D:3      | Reached skill level 5 in Unarmed Combat
  5251 | D:4      | Reached XP level 5. HP: 38/41 MP: 7/7
  5545 | D:4      | Reached skill level 6 in Unarmed Combat
  6478 | D:5      | Entered Level 5 of the Dungeon
  6478 | D:5      | Found Orrucih's Assorted Antiques.
  6487 | D:5      | Reached XP level 6. HP: 46/48 MP: 8/8
  6489 | D:5      | Bought a scorched leather armour for 147 gold pieces
  6489 | D:5      | Identified the +0 leather armour of Uskayaw's Esteem {Harm
                  | Int+4} (You bought it in a shop on level 5 of the Dungeon)
  6578 | D:5      | Reached skill level 13 in Unarmed Combat
  6578 | D:5      | Reached XP level 7. HP: 53/53 MP: 9/9
  7442 | D:6      | Reached skill level 1 in Armour
  7838 | D:6      | Reached XP level 8. HP: 52/61 MP: 10/10
  8172 | D:6      | HP: 3/62 [orc priest/divine providence (10)]
  8176 | D:6      | Killed from afar by an orc priest

Illustrated notes

Levels and vault maps discovered:
D:1:      minmay_arrival_plants_in_alcoves, layout_basic, serial_shops,
          nicolae_shop_behind_doors
D:2:      layout_loops_cross
D:3:      layout_loops_corners, serial_forest, infiniplex_forest_lined_ring,
          infiniplex_forest_lined_corner, infiniplex_forest_lined_3_way,
          infiniplex_forest_lined_4_way, infiniplex_forest_clump_long,
          infiniplex_forest_straight_2
D:4:      layout_basic, xom_teletrap_fun, fedhas_altar_3, amcnicky_altar_gilded,
          overflow_temple_1_default
D:5:      layout_loops_ring, serial_shops, shop
D:6:      layout_basic, mainiacjoe_overflow_chevrons,
          mainiacjoe_overflow_brackets, minmay_temple_entry_offerings,
          st_stairs_7

Skill      XL: |  1  2  3  4  5  6  7 |
---------------+----------------------+-----
Unarmed Combat | 3 4 5 6 13 | 13.3
Fighting       | 2 |  2.4
Armour         | 1 |  1.4
Dodging        | 3 |  3.2
Throwing       | |  1.7

Action                   |  1- 3 |  4- 6 |  7- 9 || total
-------------------------+-------+-------+-------++-------
Melee: Unarmed           |   144 |       |    67 ||   211
       Punch             |     3 |     3 |     4 ||    10
       Short sword       |     8 |    79 |       ||    87
  Use: Scroll            |     3 |     7 |     2 ||    12
       Potion            |     3 |     1 |     3 ||     7
 Stab: Sleeping          |     1 |     1 |       ||     2
Armor: Leather armour    |    34 |    14 |       ||    48
       Chain mail        |       |     6 |    31 ||    37
Dodge: Dodged            |    80 |    34 |    32 ||   146
Block: Other             |     3 |    16 |    12 ||    31
